Map: Ever Dream LE

Players

GunGFuBanDa

  • Race: Protoss Protoss
  • League: Master
  • Spawn Location: 1:00

Arctur - Winner!

  • Race: Terran Terran
  • Spawn Location: 7:00

Event: DreamHack SC2 Masters 2020 Summer Europe

VOD

Have the link to the VOD?

Description

Time

  • Played on: June 26, 2020, 11:30 a.m.
  • Length: 12:24

All games in this series

Show
View Real Time Build Order
Export as new Build Order

GunGFuBanDa Protoss 

Build Orders: 1 Gate Expand, Blink Stalkers 

Get SALT Encoding   

  12  0:00  Probe  
  13  0:13  Probe  
  14  0:17  Pylon  
  14  0:24  Probe  
  15  0:32  Probe  
  15  0:37  Gateway  
  15  0:40  Probe  
  16  0:46  Assimilator  
  17  0:52  Probe  
  18  1:04  Probe  
  19  1:16  Probe  
  20  1:24  Cybernetics Core  
  20  1:34  Nexus  
  20  1:44  Pylon  
  20  1:45  Probe  
  21  1:50  Assimilator  
  21  1:51  Adept  
  23  2:02  Warp Gate  
  23  2:03  Probe  
  24  2:15  Probe  
  24  2:21  Stalker  
  27  2:28  Probe  
  28  2:30  Twilight Council  
  28  2:36  Probe  
  28  2:42  Probe  
  28  2:44  Probe  
  29  2:50  Probe  
  31  2:51  Stalker  
  31  2:54  Probe  
  35  3:00  Probe  
  35  3:04  Blink  
  36  3:06  Probe  
  36  3:12  Gateway, Probe  
  38  3:19  Shield Battery  
  38  3:21  Probe  
  38  3:24  Probe  
  40  3:29  Stalker  
  40  3:33  Probe  
  43  3:36  Pylon, Probe  
  44  3:43  Gateway  
  44  3:46  Probe  
  45  3:54  Robotics Facility  
  45  3:55  Assimilator  
  45  3:56  Probe  
  47  4:06  Pylon  
  47  4:08  Stalker  
  45  4:14  Stalker  
  46  4:21  Probe  
  46  4:29  Probe  
  47  4:33  Probe  
  48  4:41  Probe  
  48  4:42  Pylon  
  48  4:44  Stalker x2  
  53  4:47  Observer  
  54  4:54  Gateway, Pylon  
  54  4:58  Warp Prism  
  56  5:00  Probe x2  
  58  5:15  Probe x2  
  58  5:19  Observer  
  60  5:26  Pylon  
  60  5:32  Stalker x3  
  66  5:39  Probe  
  66  5:40  Probe  
  68  5:43  Pylon  
  68  5:53  Stalker  
  68  5:55  Stalker x3  
  76  6:08  Probe x2  
  78  6:20  Probe  
  78  6:23  Nexus  
  78  6:25  Charge, Pylon  
  79  6:39  Probe  
  81  6:40  Probe  
  81  6:45  Pylon  
  81  6:47  Stalker x3  
  81  6:48  Zealot  
  81  6:51  Stalker x4  
  81  6:52  Probe  
  90  6:56  Robotics Bay  
  90  7:00  Probe  
  91  7:04  Probe  
  92  7:12  Probe  
  93  7:16  Gateway, Probe  
  93  7:17  Gateway  
  93  7:19  Gateway  
  94  7:23  Sentry  
  94  7:24  Probe  
  94  7:27  Colossus, Pylon  
  94  7:29  Forge, Probe  
  98  7:36  Probe  
  97  7:39  Extended Thermal Lance  
  103  7:49  Zealot x4  
  109  7:53  Probe x2  
  109  7:54  Probe  
  112  8:01  Shield Battery  
  112  8:02  Pylon  
  112  8:08  Protoss Ground Weapons Level 1  
  108  8:14  Zealot x4  
  112  8:26  Pylon  
  106  8:28  Pylon  
  106  8:34  Colossus  
  106  8:46  Sentry  
  114  8:48  Nexus  
  114  8:49  Zealot x5  
  124  9:10  Zealot  
  124  9:13  Pylon  
  124  9:14  Forge  
  126  9:18  Probe x2  
  126  9:19  Pylon  
  122  9:25  Colossus  
  122  9:26  Zealot x2  
  122  9:30  Probe  
  117  9:33  Zealot x2  
  117  9:34  Zealot x3  
  125  9:47  Probe x2  
  125  9:48  Observer  
  119  10:06  Colossus  
  109  10:13  Sentry x2  
  113  10:15  Assimilator  
  113  10:16  Photon Cannon  
  113  10:20  Assimilator  
  115  10:29  Stalker, Zealot x2  
  115  10:30  Zealot x2  
  125  10:41  Shield Battery  
  125  10:43  Zealot x2  
  125  10:46  Dark Shrine  
  129  10:51  Zealot x4  
  125  10:59  Zealot  
  125  11:00  Disruptor  
  113  11:08  Zealot x2  
  103  11:15  Stalker, Zealot x2  
  93  11:19  Probe  
  93  11:20  Probe  
  93  11:24  Stalker x2  
  48  11:35  Zealot x3  
  48  11:36  Zealot  
  56  11:45  Disruptor  
  58  11:57  Zealot x2  
  58  12:00  Zealot  
  64  12:01  Zealot  
  64  12:07  Templar Archives  
  66  12:10  Sentry, Zealot  
Show
View Real Time Build Order
Export as new Build Order

Arctur Terran - Winner!

Build Orders:  

Get SALT Encoding   

  12  0:00  SCV  
  13  0:13  SCV  
  14  0:17  Supply Depot  
  14  0:25  SCV  
  14  0:27  Refinery  
  15  0:38  SCV  
  16  0:44  Barracks  
  16  0:50  SCV  
  17  1:03  SCV  
  18  1:15  SCV  
  19  1:31  Orbital Command  
  20  1:35  Barracks Reactor  
  19  1:44  Command Center  
  19  1:54  Factory  
  19  1:58  SCV  
  20  2:06  Supply Depot  
  20  2:11  SCV  
  20  2:12  Marine  
  20  2:13  Marine  
  23  2:27  SCV  
  23  2:29  Marine  
  24  2:31  Marine  
  26  2:37  Starport  
  26  2:39  SCV  
  27  2:53  Hellion x2  
  27  2:55  SCV  
  27  2:57  Orbital Command  
  32  3:07  SCV  
  33  3:14  Hellion x2, Medivac  
  33  3:19  SCV  
  40  3:22  Refinery, Barracks Tech Lab  
  40  3:26  SCV  
  41  3:31  SCV  
  42  3:39  Supply Depot  
  42  3:43  SCV  
  42  3:44  SCV  
  42  3:47  Bunker  
  44  3:51  Marine  
  44  3:52  Marine  
  46  4:00  Siege Tank, SCV x2  
  50  4:12  Marine x2, SCV  
  50  4:13  SCV  
  53  4:18  Barracks  
  53  4:19  Barracks  
  51  4:25  SCV x2  
  51  4:28  Supply Depot  
  51  4:30  Marine  
  54  4:31  Engineering Bay  
  54  4:43  Supply Depot  
  54  4:49  Siege Tank, Marine x2, SCV x2  
  54  4:51  Supply Depot  
  61  4:57  Terran Infantry Weapons Level 1, Starport Reactor  
  61  4:59  Refinery  
  61  5:01  SCV  
  61  5:05  SCV  
  61  5:06  Supply Depot  
  63  5:08  Marine  
  63  5:09  Marine x2  
  63  5:13  SCV  
  67  5:14  Barracks Tech Lab  
  67  5:17  SCV  
  68  5:24  Supply Depot  
  68  5:29  SCV  
  68  5:32  Factory Reactor  
  68  5:34  Stimpack, Marine x2  
  68  5:35  Marauder  
  73  5:36  Marauder  
  73  5:37  Combat Shield  
  73  5:39  SCV  
  73  5:41  Refinery, SCV  
  77  5:47  Supply Depot  
  77  5:51  SCV  
  77  5:52  Marine  
  77  5:53  SCV  
  77  5:56  Marauder  
  82  5:57  Marauder  
  82  5:59  Marine  
  82  6:03  SCV  
  86  6:04  Command Center  
  86  6:10  Supply Depot, Medivac x2  
  90  6:18  Marauder x2  
  92  6:19  Marine  
  92  6:20  Supply Depot, Marine  
  92  6:23  Widow Mine  
  92  6:25  Widow Mine  
  99  6:34  Supply Depot  
  99  6:37  Marine  
  99  6:38  Marine  
  99  6:39  Marauder  
  103  6:41  Marauder  
  103  6:44  Widow Mine  
  103  6:46  Widow Mine  
  108  6:52  Terran Infantry Armor Level 1  
  108  6:54  Marine  
  108  6:56  Marine  
  108  6:57  Medivac  
  108  6:58  Medivac  
  108  7:01  Marauder  
  108  7:03  Marauder  
  110  7:11  SCV  
  110  7:12  Marine  
  110  7:14  Marine  
  109  7:16  Orbital Command  
  109  7:20  SCV, Barracks  
  109  7:22  Marauder  
  112  7:24  Marauder  
  112  7:28  Medivac x2  
  118  7:30  Marine  
  118  7:32  Marine, SCV  
  119  7:43  Marauder  
  121  7:44  Barracks  
  121  7:45  Marine  
  121  7:48  Marine  
  121  7:49  Marine  
  122  7:52  Widow Mine x2  
  122  7:53  SCV x2  
  122  7:58  Orbital Command, Armory  
  128  8:00  Supply Depot  
  128  8:01  Engineering Bay  
  128  8:03  Marauder  
  128  8:05  Marauder  
  131  8:06  Marine  
  131  8:07  Marine  
  127  8:24  Marine  
  127  8:25  Marauder, Marine  
  127  8:26  Marauder, Barracks Tech Lab  
  128  8:28  Widow Mine x2, SCV  
  128  8:29  SCV  
  132  8:34  Viking  
  132  8:35  Viking  
  132  8:41  Marine, SCV  
  137  8:42  Barracks Tech Lab  
  137  8:43  Barracks Reactor, Marine, SCV  
  137  8:46  Marauder  
  142  8:48  SCV  
  142  8:51  Marauder, Widow Mine x2  
  142  8:54  Refinery, Supply Depot  
  149  8:58  Starport  
  149  9:11  Marine, SCV  
  149  9:13  Marine  
  149  9:15  SCV  
  149  9:16  Marauder, Marine x2  
  153  9:20  Marine  
  153  9:21  Marine, SCV  
  153  9:23  SCV  
  151  9:29  Marauder  
  149  9:31  Marauder  
  149  9:33  Marine x2  
  149  9:36  SCV  
  149  9:38  Marauder, Marine  
  146  9:39  Marine  
  146  9:44  SCV  
  149  9:45  SCV  
  149  9:49  Viking x2  
  149  9:51  Marauder, Marine x2  
  149  9:52  Starport Reactor  
  157  9:56  Marine  
  157  9:57  Supply Depot  
  157  9:58  Marauder  
  153  10:01  Marine  
  153  10:02  Marauder  
  153  10:04  Terran Infantry Weapons Level 2  
  147  10:09  Marine  
  149  10:14  SCV  
  149  10:17  Marauder, Marine  
  149  10:19  Viking x2  
  156  10:25  Refinery  
  156  10:28  Command Center  
  156  10:31  SCV x2  
  156  10:32  SCV  
  156  10:35  Marauder, Marine  
  162  10:36  Marine  
  162  10:42  Ghost Academy, Marine  
  163  10:43  Marine  
  163  10:49  Marine  
  148  11:01  Marauder, Marine x2  
  148  11:02  Marauder, Marine  
  142  11:04  SCV x2  
  142  11:07  Marauder  
  123  11:12  Marine  
  109  11:19  Marine x2  
  109  11:23  Marauder x2  
  109  11:24  Marine  
  102  11:25  Viking  
  102  11:31  Marine, SCV  
  102  11:32  Marauder  
  105  11:33  SCV  
  105  11:34  SCV  
  107  11:43  SCV  
  107  11:44  Marauder  
  107  11:45  SCV  
  107  11:46  SCV  
  112  11:49  Marine  
  112  11:50  Marauder  
  115  11:56  SCV  
  115  11:58  Marine  
  115  11:59  Marauder, SCV  
  116  12:07  SCV  
  116  12:08  SCV  
Tags
 
Add a new tag
Caveats
  • Supply blocks, unpowered buildings, or Contaminate may cause inaccurate times.
  • Supply counts are checked every 10 seconds.